 Dungeon Crawl Stone Soup version 0.13-a0-2606-g170388b (webtiles) character file.

9677 Kae the Severer (level 11, 0/94 HPs)
             Began as a Deep Dwarf Berserker on Aug 4, 2013.
             Was a Believer of Trog.
             Slain by Erolcha
             ... wielding a +0,+0 giant spiked club
              (4 damage)
             ... on Level 11 of the Dungeon.
             The game lasted 00:23:41 (9789 turns).

Kae the Severer (Deep Dwarf Berserker)              Turns: 9789, Time: 00:23:42

HP   0/94        AC 13     Str 23      XL: 11   Next: 21%
MP   9/9         EV 11     Int 13      God: Trog [**....]
Gold 335         SH  0     Dex 12      Spells:  0 memorised, 10 levels left

Res.Fire  : . . .   See Invis. : .   a - +1,-2 dwarf hand axe {=f}
Res.Cold  : . . .   Warding    : +   D - +3 ring mail
Life Prot.: + . .   Conserve   : .   (no shield)
Res.Poison: +       Res.Corr.  : .   (no helmet)
Res.Elec. : .       Clarity    : .   (no cloak)
Sust.Abil.: . .     Spirit.Shd : .   H - +0 pair of gloves of the Clouds {Int+3 Acc Res.Mut. : . Stasis : . t - +0 pair of boots Res.Rott. : . Flight : . N - amulet of warding {unknown} Saprovore : . . . u - +1 ring of strength b - ring of poison resistance

@: non-regenerating, exhausted, slowed, very slow, quite resistant to hostile
enchantments, extremely unstealthy
A: damage resistance, recharge devices, sense surroundings 2, slow healing 3, AC
+1
a: Device Recharging, Burn Spellbooks, Berserk, Trog's Hand, Renounce Religion


You were on level 11 of the Dungeon.
You worshipped Trog.
Trog was most pleased with you.
You were near starving.

You visited 1 branch of the dungeon, and saw 11 of its levels.

You collected 484 gold pieces.
You spent 169 gold pieces at shops.

Inventory:

Hand weapons
 a - a +1,-2 dwarven hand axe (weapon) {=f}
Armour
 q - a +0 cloak
 t - a +0 pair of boots (worn)
 D - a +3 ring mail (worn)
 H - the +0 pair of gloves of the Clouds (worn) {Int+3 Acc+2}
   (You found it on level 5 of the Dungeon)

   It affects your intelligence (+3).
   It affects your accuracy (+2).
Magical devices
 c - a wand of heal wounds (0)
 k - a wand of random effects (10) {unknown}
 r - a wand of confusion (11) {unknown}
 x - a wand of teleportation (2)
 I - a wand of polymorph (12)
 M - a wand of polymorph (3)
Comestibles
 d - 6 bread rations
 l - 2 apples
 p - 3 pears
 B - an orange
 F - 11 sultanas
 K - a lemon
 S - a choko
 U - a meat ration
 V - 2 chunks of cyclops flesh
Scrolls
 e - 10 scrolls of remove curse
 g - a scroll of blinking
 h - 7 scrolls of teleportation
 i - a scroll of torment {unknown}
 j - a scroll of noise
 y - 2 scrolls of enchant weapon I
 L - 3 scrolls of enchant weapon II
 O - a scroll of fog
 P - a scroll of amnesia {unknown}
 Q - a scroll of identify
Jewellery
 b - a ring of poison resistance (left hand)
 f - an uncursed ring of sustain abilities
 n - an uncursed ring of teleportation
 o - an uncursed amulet of resist corrosion
 u - a +1 ring of strength (right hand)
 A - an uncursed ring of protection from cold
 G - an uncursed ring of teleport control
 J - an uncursed amulet of resist mutation
 N - an amulet of warding (around neck) {unknown}
Potions
 m - a potion of invisibility
 s - 3 potions of curing
 v - a potion of agility
 w - 2 potions of heal wounds {unknown}
 z - a potion of might
 C - a potion of restore abilities {unknown}
 R - a potion of confusion {unknown}
 T - a potion of brilliance


   Skills:
 + Level 5.0 Fighting
 - Level 16.0 Axes
 * Level 6.9 Armour
 + Level 4.9 Dodging


You had 10 spell levels left.
You didn't know any spells.

Dungeon Overview and Level Annotations

Branches:
Dungeon (11/27)            Temple (0/1) D:6             Orc (0/4) D:8
   Lair (0/8) D:9

Altars:
Ashenzari
Elyvilon
Nemelex Xobeh
Sif Muna
Trog
Vehumet
Xom
Zin
Beogh

Shops:
D:5: * D:6: = D:9: *}

Annotations
D:11 Erolcha


Innate Abilities, Weirdness & Mutations

You are resistant to damage.
You can recharge devices by infusing magical energy.
You passively map the area around you.
You do not heal naturally.
You are partially covered in molten scales (AC +1).


Message History

You feel much better.
This wand has 1 charge left.
It hits you!
* * * LOW HITPOINT WARNING * * *
Evoke which item? (* to show all) (? for menu, Esc to quit)
Zapping:
c - a wand of heal wounds (1)
Press: ? - help, Shift-Dir - straight line, f - you You feel much better.
This wand has 0 charges left.
You hear some strange, mumbled words.
Something tries to affect you, but you resist.
You hit it. It hits you!
You closely miss it.
You hear some strange, mumbled words.
The orb of energy hits you!
* * * LOW HITPOINT WARNING * * *
The orb of energy explodes!
You hit it but do no damage.
Drink which item? (? for menu, Esc to quit)
You feel better. It hits you!
* * * LOW HITPOINT WARNING * * *
It hits you.
You die...

#######.#....# * *
#.......#....###.#...
#.....<.(..(.........
#.......########.#...
#................#
#.......##########
#####'#.# ######(#.#
, , #...)@.#.# ,
#..{.))#.# ,
#<.....#.# ** *
#......#.. , , , ,
#......##. , #......#
. ,* , #....... , , ,
##..... , , * ,... ,,
** ,


There were no monsters in sight!

Vanquished Creatures
  Harold (D:11)
  A centaur warrior (D:8)
  A hill giant (D:10)
  A cyclops (D:11)
  2 trolls (D:9)
  Prince Ribbit (D:7)
  2 two-headed ogres (D:10)
  A steam dragon (D:8)
  2 wyverns
  Eustachio (D:6)
  A hippogriff (D:9)
  A soldier ant (D:9)
  3 orc warriors
  2 black bears (D:9)
  4 phantoms
  3 sky beasts
  2 crocodiles
  2 ice beasts
  8 ogres
  A centaur (D:7)
  2 wargs (D:9)
  Sigmund (D:3)
  Duvessa (D:8)
  A water moccasin (D:10)
  2 big kobolds
  4 giant frogs
  An agate snail (D:9)
  7 killer bees
  A hippogriff zombie (D:10)
  A hippogriff skeleton (D:10)
  A troll skeleton (D:9)
  Dowan (D:8)
  3 crimson imps
  A goliath beetle (D:7)
  2 giant frog zombies
  4 orc priests
  A giant frog skeleton (D:10)
  Crazy Yiuf (D:7)
  11 hounds
  2 iguanas
  3 scorpions
  7 worker ants
  3 orc wizards
  Ijyb (D:3)
  4 jellies
  7 gnolls (D:5)
  11 adders
  A giant centipede (D:9)
  A giant mite (D:7)
  6 worms
  An iguana skeleton (D:6)
  2 giant eyeballs (D:4)
  An ooze (D:6)
  43 orcs
  3 ball pythons
  13 bats
  5 giant cockroaches
  11 goblins
  17 hobgoblins
  19 jackals
  4 quokkas
  6 giant geckos
  4 giant newts
  A jackal skeleton (D:6)
  25 kobolds
  A kobold zombie (D:7)
  17 rats
  A rat skeleton (D:4)
  7 ballistomycetes (D:10)
313 creatures vanquished.

Vanquished Creatures (others)
  A big kobold (D:10)
  A centaur zombie (D:11)
  A bat (D:9)
  A giant spore (D:10)
4 creatures vanquished.

Grand Total: 317 creatures vanquished

Notes
Turn   | Place    | Note
--------------------------------------------------------------
     0 | D:1      | Kae, the Deep Dwarf Berserker, began the quest for the Orb.
     0 | D:1      | Reached XP level 1. HP: 21/21 MP: 0/0
   109 | D:1      | Reached skill level 4 in Axes
   109 | D:1      | Reached XP level 2. HP: 10/28 MP: 1/1
   533 | D:1      | Acquired Trog's second power
   722 | D:2      | Reached XP level 3. HP: 24/34 MP: 2/2
   846 | D:2      | Reached skill level 5 in Axes
  1154 | D:2      | Reached XP level 4. HP: 22/43 MP: 3/3
  1193 | D:2      | Found a shimmering altar of Xom.
  1231 | D:2      | Found a shattered altar of Ashenzari.
  1566 | D:3      | Reached skill level 6 in Axes
  1771 | D:3      | Noticed Ijyb
  1785 | D:3      | Killed Ijyb
  1813 | D:3      | Reached XP level 5. HP: 33/49 MP: 4/4
  1965 | D:3      | Found a radiant altar of Vehumet.
  1965 | D:3      | Found a deep blue altar of Sif Muna.
  1965 | D:3      | Found a sparkling altar of Nemelex Xobeh.
  1996 | D:3      | Noticed Sigmund
  2011 | D:3      | Killed Sigmund
  2011 | D:3      | Reached skill level 7 in Axes
  2301 | D:4      | Paralysed by a giant eyeball for 2 turns
  2424 | D:4      | Reached XP level 6. HP: 34/56 MP: 5/5
  2506 | D:4      | Paralysed by a giant eyeball for 3 turns
  2651 | D:4      | Noticed a phantom
  2677 | D:4      | Killed a phantom
  2677 | D:4      | Reached skill level 8 in Axes
  3092 | D:4      | Noticed a phantom
  3129 | D:4      | Killed a phantom
  3129 | D:4      | Reached XP level 7. HP: 48/63 MP: 6/6
  3191 | D:5      | Entered Level 5 of the Dungeon
  3197 | D:5      | Reached skill level 9 in Axes
  3236 | D:5      | Got a pair of crude gloves
  3456 | D:5      | Reached skill level 10 in Axes
  3638 | D:5      | Found Nahulogoug's Assorted Antiques.
  3644 | D:5      | Reached XP level 8. HP: 70/70 MP: 7/7
  3690 | D:5      | Bought a runed ring mail for 116 gold pieces
  3693 | D:5      | Identified the +0 pair of gloves of the Clouds {Int+3 Acc+2} (You found it on level 5 of the Dungeon)
  3872 | D:5      | Reached skill level 11 in Axes
  3994 | D:5      | Found a white marble altar of Elyvilon.
  4677 | D:6      | Noticed Eustachio
  4685 | D:6      | Killed Eustachio
  4735 | D:6      | Found Ybikuit's Jewellery Boutique.
  4747 | D:6      | Reached skill level 12 in Axes
  4779 | D:6      | Found a staircase to the Ecumenical Temple.
  5021 | D:6      | Gained mutation: You are partially covered in molten scales (AC +1). [potion of beneficial mutation]
  5599 | D:7      | Noticed Prince Ribbit
  5611 | D:7      | Killed Prince Ribbit
  5611 | D:7      | Reached skill level 13 in Axes
  5611 | D:7      | Gained mutation: You passively map the area around you. [level up]
  5611 | D:7      | Reached XP level 9. HP: 53/76 MP: 8/8
  6145 | D:7      | Noticed Crazy Yiuf
  6152 | D:7      | Killed Crazy Yiuf
  6375 | D:8      | Noticed a centaur warrior
  6404 | D:8      | Killed a centaur warrior
  6404 | D:8      | Reached skill level 14 in Axes
  6495 | D:8      | Noticed Dowan
  6496 | D:8      | Noticed Duvessa
  6505 | D:8      | Killed Duvessa
  6519 | D:8      | Killed Dowan
  6601 | D:8      | Found a staircase to the Orcish Mines.
  6611 | D:8      | Reached skill level 15 in Axes
  6948 | D:9      | Reached XP level 10. HP: 49/85 MP: 9/9
  7193 | D:9      | Found a glowing silver altar of Zin.
  7651 | D:9      | Found a staircase to the Lair.
  7752 | D:9      | Reached skill level 16 in Axes
  7771 | D:9      | Found a bloodstained altar of Trog.
  8347 | D:9      | Found a roughly hewn altar of Beogh.
  8357 | D:9      | Found Yghaef's Gadget Shoppe.
  8378 | D:9      | Found Hiagri's Assorted Antiques.
  8412 | D:9      | Bought a scroll labeled NICAPH OQOUCK for 28 gold pieces
  8414 | D:9      | Paralysed by a potion of paralysis for 3 turns
  8417 | D:9      | Bought a bubbling blue potion for 25 gold pieces
  8539 | D:10     | Entered Level 10 of the Dungeon
  8812 | D:10     | Reached skill level 5 in Armour
  9378 | D:11     | Noticed a cyclops
  9378 | D:11     | Noticed a hill giant
  9390 | D:10     | Killed a hill giant
  9390 | D:10     | Reached XP level 11. HP: 30/94 MP: 10/10
  9571 | D:11     | HP: 4/94 [cyclops (2)]
  9579 | D:11     | Killed a cyclops
  9726 | D:11     | Noticed Harold
  9733 | D:11     | Noticed Erolcha
  9760 | D:11     | Killed Harold
  9769 | D:11     | Reached skill level 5 in Fighting
  9789 | D:11     | HP: 4/94 [something (18)]
  9789 | D:11     | Slain by Erolcha

Action                   |  1- 3 |  4- 6 |  7- 9 | 10-12 || total
-------------------------+-------+-------+-------+-------++-------
Melee: Hand axe          |   150 |   252 |   523 |   663 ||  1588
       Unarmed           |       |       |    13 |       ||    13
Invok: Trog's Hand       |     4 |     9 |    26 |    35 ||    74
       Berserk           |       |     1 |    11 |     9 ||    21
       Burn Spellbooks   |       |       |     1 |       ||     1
 Abil: Device Recharging |       |       |       |     1 ||     1
Evoke: Wand              |     1 |       |     3 |    11 ||    15
  Use: Scroll            |       |       |    19 |     2 ||    21
       Potion            |       |       |     2 |     6 ||     8
 Stab: Sleeping          |     1 |       |       |       ||     1
       Fleeing           |       |       |     1 |       ||     1
